 Dungeon Crawl Stone Soup version 0.29-a0-284-gf9362112df (webtiles) character file.

Game seed: 15828105880768622478

48 Hubjo the Sneak (level 3, -21/26 HPs)
             Began as a Demonspawn Enchanter on Mar 17, 2022.
             Killed by an exploding bat (24 damage)
             ... ignited by their inner flame
             ... on level 2 of the Dungeon.
             The game lasted 00:02:53 (2591 turns).

Hubjo the Sneak (Demonspawn Enchanter)              Turns: 2591, Time: 00:02:53

Health: -21/26     AC:  2    Str:  8    XL:     3   Next: 50%
Magic:  6/6        EV: 12    Int: 16    God:
Gold:   75         SH:  0    Dex: 15    Spells: 6/6 levels left

rFire   . . .      SeeInvis .   a - +1 dagger
rCold   . . .      Faith    .   (no shield)
rNeg    . . .      Spirit   .   b - +0 robe
rPois   .          Reflect  .   (no helmet)
rElec   .          Harm     .   (no cloak)
rCorr   .          Rampage  .   (no gloves)
Will    .....                   (no boots)
Stlth   ++........              (no amulet)
HPRegen 0.08/turn               (no ring)
MPRegen 0.10/turn               (no ring)

@: lethally poisoned (-21 -> -24)
A: hooves 1, demonic touch 1
a: no special abilities


You were on level 2 of the Dungeon.
You visited 1 branch of the dungeon, and saw 2 of its levels.

You collected 75 gold pieces.

Inventory:

Hand Weapons
 a - a +1 dagger (weapon)
Armour
 b - a +0 robe (worn)
Jewellery
 n - a +4 ring of protection
Scrolls
 f - 2 scrolls of identify
 j - a scroll of vulnerability
 k - a scroll of enchant armour {unknown}
 l - a scroll of teleportation {unknown}
 m - a scroll of magic mapping {unknown}
Potions
 c - 2 potions of invisibility
 d - a potion of heal wounds {unknown}
 g - a potion of haste {unknown}
 h - 3 potions of curing {unknown}


   Skills:
 * Level 1.5 Fighting
 - Level 0.8 Short Blades
 - Level 1.7 Dodging
 * Level 3.3 Stealth
 + Level 2.3 Spellcasting
 + Level 3.3 Hexes


You had 6 spell levels left.
You didn't know any spells.
Your spell library contained the following spells:

 Spells                   Type           Power      Damage    Failure   Level
 Ensorcelled Hibernation  Hex/Ice        14%        N/A       16%         2
 Confusing Touch          Hex            12%        N/A       16%         3
 Tukima's Dance           Hex            12%        N/A       16%         3
 Dazzling Flash           Conj/Hex       14%        N/A       30%         3


Dungeon Overview and Level Annotations

Branches:
Dungeon (2/15)

Altars:

Annotations:
D:2 1 runed translucent door, Crazy Yiuf


Innate Abilities, Weirdness & Mutations

You have large cloven feet.
Your touch may inflict minor irresistible damage on your foes.


Message History

You feel sick.
The bat misses you. x2; The bat closely misses you.
The adder bites you but does no damage. The adder closely misses you.
You hit the adder.
You kill the adder!
You feel sick. The bat hits you but does no damage. The bat barely misses you.
The bat hits you but does no damage. The bat barely misses you. x2
You hit the bat. You kick the bat, but do no damage. Your touch misses the bat.
The bat is severely wounded.
You feel sick. The bat misses you. The bat closely misses you. x3
The adder bites you but does no damage.
You miss the adder. You kick the adder.
The adder is heavily wounded.
You feel sick. The bat hits you. The bat hits you but does no damage.
The adder closely misses you.
You feel sick.
You are no longer poisoned.
The bat closely misses you. The bat hits you but does no damage.
The bat barely misses you. The bat completely misses you.
As you read the scroll labelled JESAAQ LUWOT, it crumbles to dust.
It is a scroll of identify.
j - a scroll of vulnerability The bat barely misses you.
The adder closely misses you. The adder bites you.
You are poisoned.
The adder poisons you! The bat closely misses you.
As you read the scroll labelled UDARGH MURGHUIJ, it crumbles to dust.
You speak a Word of immense power!
You are blasted by holy energy!
It was a scroll of holy word.
You feel sick. The bat barely misses you.
The adder bites you but does no damage. The bat barely misses you.
As you read the scroll labelled KIHOYN HIPPUR, it crumbles to dust.
The creatures around you are filled with an inner flame!
It was a scroll of immolation.
You feel sick. The bat completely misses you.
The bat closely misses you. x2; The adder bites you.
* * * LOW HITPOINT WARNING * * *
The worm closely misses you.
You barely miss the bat.
You touch the bat.
The bat explodes!
The fiery explosion engulfs the adder!!
The fiery explosion engulfs the worm!!
The fiery explosion engulfs you!!
Ouch! That really hurt!
You die...

#..# ##.#..#..##.# #....
..### ##.#..###†...#
#####.[ ##..#
##.#.....#..### #......
#..### ##.#..#..###.#.#
#...... ###..#
##.#..#.##..#...#
#......
#..#####.#..#.##..###.##
#......
###..##.#..#.#####..#..#
#......
#..##)#..#.##.§#..###.#
#######
###..#..#.##b§@###..#.#
# #.....#.##..#..#..####
# ###..#.##...##b###..#
# ..#.##..#. #..#..###
##### #..##.(.##
##.###..# #...# +.##..#
#..'...#####...# ######
#####.##.......#
#.).÷###..[. ######
###.#


You could see 2 bats.

Vanquished Creatures
  2 adders (D:2)
  2 worms (D:2)
  2 bats
  3 endoplasms
  2 giant cockroaches
  5 goblins
  4 hobgoblins
  3 quokkas
  3 ball pythons
  2 frilled lizards
  2 kobolds
  5 rats
35 creatures vanquished.

Vanquished Creatures (others)
  4 demonic plants (D:1)
  2 plants (D:1)
6 creatures vanquished.

Grand Total: 41 creatures vanquished

Notes
Turn   | Place    | Note
-------+----------+-------------------------------------------
     0 | D:1      | Hubjo the Demonspawn Enchanter began the quest for the Orb.
     0 | D:1      | Reached XP level 1. HP: 13/13 MP: 3/3
   800 | D:1      | Discovered your monstrous ancestry.
   800 | D:1      | Gained mutation: You have large cloven feet. [demonic
                  | ancestry]
   800 | D:1      | Reached XP level 2. HP: 16/20 MP: 5/5
  1234 | D:1      | Reached skill level 1 in Fighting
  1969 | D:2      | Found a runed translucent door.
  1970 | D:2      | Noticed Crazy Yiuf
  2280 | D:2      | Gained mutation: Your touch may inflict minor irresistible
                  | damage on your foes. [demonic ancestry]
  2280 | D:2      | Reached XP level 3. HP: 23/26 MP: 6/6
  2591 | D:2      | Killed by an exploding bat... ignited by their inner flame

Illustrated notes

Levels and vault maps discovered:
D:1:      erik_arrival_orb_chamber, layout_basic, dreamdust_princess_corridor,
          hangedman_decor_points, serial_bayou_lagoon_a
D:2:      minmay_razor_zed, layout_basic, uniq_crazy_yiuf_cottage

Skill      XL: |  1  2 |
---------------+-------+-----
Fighting       | 1 |  1.5
Stealth        | 3 |  3.3
Short Blades   | |  0.8
Dodging        | |  1.7
Spellcasting   | |  2.3
Hexes          | |  3.3

Action                   || total
-------------------------++-------
Melee: Dagger            ||   136
       Kick              ||    32
       Punch             ||     1
       Touch             ||     7
  Use: Scroll            ||     3
 Stab: Sleeping          ||     5
Armor: Robe              ||    18
Dodge: Dodged            ||    86

Table legend: (Time is in decaauts)
 A = Elapsed time spent in this place.
 B = Non-inter-level travel time spent in this place.
 C = Inter-level travel time spent in this place.
 D = Time resting spent in this place.
 E = Time spent auto-exploring this place.
 F = Levels seen in this place.
 G = Mean time per level.
                   A        B        C        D        E       F      G
               +--------+--------+--------+--------+--------+-----+--------+
         Total |   2592 |   2592 |      0 |     73 |   2111 |   2 | 1296.0 |
       Dungeon |   2592 |   2592 |      0 |     73 |   2111 |   2 | 1296.0 |
               +--------+--------+--------+--------+--------+-----+--------+

Top non-repeatable levels by time:
     D:1: 1790 daAuts
     D:2: 802 daAuts
